| TOP OF THE 1ST |
|
Madison Brewers batting - Pitching for Roswell Invaders : RHP John Palumbo
|
|
Pitching: RHP John Palumbo
|
|
|
Batting: LHB Rick Campbell
|
0-0: Swinging Strike 0-1: Ball 1-1: Ball 2-1: Ball 3-1: Called Strike 3-2: Base on Balls
|
|
Batting: RHB Victor Alarcon
|
0-0: Ball 1-0: Called Strike 1-1: Ball 2-1: Grounds into double play, 6-4-3 (Groundball, 56, EV 85.6 MPH)
|
|
Batting: SHB Aaron Neill
|
0-0: Fly out, F9 (Line Drive, 9, EV 103.8 MPH)
|
| Top of the 1st over - 0 runs, 0 hits, 0 errors, 0 left on base; Madison 0 - Roswell 0 |
| BOTTOM OF THE 1ST |
|
Roswell Invaders batting - Pitching for Madison Brewers : RHP Jim Strickland
|
|
Pitching: RHP Jim Strickland
|
|
|
Batting: RHB Orlando Florez
|
0-0: Ball 1-0: Called Strike 1-1: Foul Ball, location: 2F 1-2: Strikes out swinging
|
|
Batting: LHB Dallas Kelly
|
0-0: Called Strike 0-1: Foul Ball, location: 2F 0-2: Foul Ball, location: 2F 0-2: Strikes out swinging
|
|
Batting: RHB Mike Swift
|
0-0: Called Strike 0-1: Ball 1-1: Swinging Strike 1-2: Ball 2-2: Ball 3-2: Strikes out swinging
|
| Bottom of the 1st over - 0 runs, 0 hits, 0 errors, 0 left on base; Madison 0 - Roswell 0 |
| TOP OF THE 2ND |
|
Madison Brewers batting - Pitching for Roswell Invaders : RHP John Palumbo
|
|
Batting: SHB Jerry Duffy
|
0-0: Ball 1-0: Ball 2-0: Ball 3-0: Called Strike 3-1: Base on Balls
|
|
Batting: LHB Sal Burgos
|
0-0: DOUBLE (Flyball, 8LXD, EV 108.1 MPH) Jerry Duffy to third
|
|
Batting: SHB Ramon Perez
|
0-0: Ball 1-0: Called Strike 1-1: Ball Wild Pitch! Jerry Duffy scores Sal Burgos to third 2-1: 2-RUN HOME RUN (Flyball, 89XD, EV 102.5 MPH), Distance : 419 ft
|
|
Pitching: RHP Jake Priest
|
|
|
Batting: RHB Chris Fruit
|
0-0: Swinging Strike 0-1: Foul Ball, location: 2F 0-2: Ball 1-2: Strikes out swinging
|
|
Batting: RHB Alfredo Sena
|
0-0: Ball 1-0: Ball 2-0: Called Strike 2-1: Ball 3-1: Base on Balls
|
|
Batting: RHB Justin Marino
|
0-0: Ball 1-0: Called Strike 1-1: Grounds into double play, 4-6-3 (Groundball, 4, EV 88.1 MPH)
|
| Top of the 2nd over - 3 runs, 2 hits, 0 errors, 0 left on base; Madison 3 - Roswell 0 |
| BOTTOM OF THE 2ND |
|
Roswell Invaders batting - Pitching for Madison Brewers : RHP Jim Strickland
|
|
Batting: RHB Josh Burrows
|
0-0: Fly out, F9 (Flyball, 9D, EV 92.5 MPH)
|
|
Batting: RHB Cody Savastand
|
0-0: Called Strike 0-1: Foul Ball, location: 2F 0-2: Strikes out swinging
|
|
Batting: SHB Ethan Newby
|
0-0: SINGLE (Flyball, 8LS, EV 93.8 MPH)
|
|
Batting: LHB Josh Thomas
|
0-0: Called Strike 0-1: Ball 1-1: Ball 2-1: Foul Ball, location: 2F 2-2: Strikes out swinging
|
| Bottom of the 2nd over - 0 runs, 1 hit, 0 errors, 1 left on base; Madison 3 - Roswell 0 |
| TOP OF THE 3RD |
|
Madison Brewers batting - Pitching for Roswell Invaders : RHP Jake Priest
|
|
Batting: LHB Rick Campbell
|
0-0: Ball 1-0: Called Strike 1-1: Foul Ball, location: 2F 1-2: Ground out U3 (Groundball, 3L, EV 82.5 MPH)
|
|
Batting: RHB Victor Alarcon
|
0-0: Ball 1-0: Ball 2-0: Foul Ball, location: 2F 2-1: Ball 3-1: SINGLE (Groundball, 56D, EV 82.5 MPH) (infield hit)
|
|
Pitching: RHP Vinny Segura
|
|
|
Batting: SHB Aaron Neill
|
0-0: Ball 1-0: Ball 2-0: Ball 3-0: Called Strike 3-1: Base on Balls Victor Alarcon to second
|
|
Batting: SHB Jerry Duffy
|
0-0: Foul Ball, location: 2F 0-1: Swinging Strike 0-2: Ball 1-2: Strikes out swinging
|
|
Batting: LHB Sal Burgos
|
0-0: Foul Ball, location: 2F 0-1: Swinging Strike 0-2: Strikes out looking
|
| Top of the 3rd over - 0 runs, 1 hit, 0 errors, 2 left on base; Madison 3 - Roswell 0 |
| BOTTOM OF THE 3RD |
|
Roswell Invaders batting - Pitching for Madison Brewers : RHP Jim Strickland
|
|
Batting: LHB Afanasy Apatenko
|
0-0: Fly out, F7 (Flyball, 78D, EV 79.4 MPH)
|
|
Batting: LHB Falco van Koeveringe
|
0-0: Called Strike 0-1: Ball 1-1: Ground out 4-3 (Groundball, 4, EV 83.8 MPH)
|
|
Batting: RHB Orlando Florez
|
0-0: Foul Ball, location: 2F 0-1: Ball 1-1: Foul Ball, location: 2F 1-2: Strikes out swinging
|
| Bottom of the 3rd over - 0 runs, 0 hits, 0 errors, 0 left on base; Madison 3 - Roswell 0 |
| TOP OF THE 4TH |
|
Madison Brewers batting - Pitching for Roswell Invaders : RHP Vinny Segura
|
|
Batting: SHB Ramon Perez
|
0-0: Swinging Strike 0-1: Ball 1-1: Fly out, F5 (Popup, 5F, EV 75.0 MPH)
|
|
Batting: RHB Chris Fruit
|
0-0: Called Strike 0-1: Foul Ball, location: 2F 0-2: SOLO HOME RUN (Flyball, 7D, EV 97.5 MPH), Distance : 364 ft
|
|
Pitching: LHP Jeff Haight
|
|
|
Batting: RHB Alfredo Sena
|
0-0: Ball 1-0: Ball 2-0: Ball 3-0: Base on Balls
|
|
Batting: RHB Justin Marino
|
0-0: Ball 1-0: Swinging Strike 1-1: Ball 2-1: Ball 3-1: Base on Balls Alfredo Sena to second
|
|
Batting: LHB Rick Campbell
|
0-0: Ball 1-0: Called Strike 1-1: Foul Ball, location: 2F 1-2: Strikes out looking
|
|
Batting: RHB Victor Alarcon
|
0-0: Swinging Strike 0-1: Swinging Strike 0-2: Ball 1-2: Ball 2-2: Foul Ball, location: 2F 2-2: Strikes out looking
|
| Top of the 4th over - 1 run, 1 hit, 0 errors, 2 left on base; Madison 4 - Roswell 0 |
| BOTTOM OF THE 4TH |
|
Roswell Invaders batting - Pitching for Madison Brewers : RHP Jim Strickland
|
|
Batting: LHB Dallas Kelly
|
0-0: Ball 1-0: Foul Ball, location: 2F 1-1: Foul Ball, location: 2F 1-2: Ground out U3 (Groundball, 34, EV 83.8 MPH)
|
|
Batting: RHB Mike Swift
|
0-0: Called Strike 0-1: Foul Ball, location: 2F 0-2: Strikes out swinging
|
|
Batting: RHB Josh Burrows
|
0-0: Ball 1-0: Called Strike 1-1: Swinging Strike 1-2: Strikes out swinging
|
| Bottom of the 4th over - 0 runs, 0 hits, 0 errors, 0 left on base; Madison 4 - Roswell 0 |
| TOP OF THE 5TH |
|
Madison Brewers batting - Pitching for Roswell Invaders : LHP Jeff Haight
|
|
Pitching: RHP Jaylen Hatten
|
|
|
Batting: SHB Aaron Neill
|
0-0: Ball 1-0: Ball 2-0: Called Strike 2-1: Ball 3-1: Base on Balls
|
|
Batting: SHB Jerry Duffy
|
0-0: Called Strike 0-1: Swinging Strike 0-2: Ball 1-2: Ball 2-2: Foul Ball, location: 2F 2-2: Strikes out swinging
|
|
Batting: LHB Sal Burgos
|
0-0: Called Strike Aaron Neill is caught stealing 2nd base 2-6 0-1: Called Strike 0-2: Strikes out swinging, 2-3 out at first.
|
| Top of the 5th over - 0 runs, 0 hits, 0 errors, 0 left on base; Madison 4 - Roswell 0 |
| BOTTOM OF THE 5TH |
|
Roswell Invaders batting - Pitching for Madison Brewers : RHP Jim Strickland
|
|
Batting: RHB Cody Savastand
|
0-0: Ball 1-0: Foul Ball, location: 2F 1-1: Foul Ball, location: 2F 1-2: Strikes out swinging, 2-3 out at first.
|
|
Batting: SHB Ethan Newby
|
0-0: Called Strike 0-1: DOUBLE (Groundball, 3L, EV 101.9 MPH)
|
|
Batting: LHB Josh Thomas
|
0-0: Hit by Pitch
|
|
Batting: LHB Afanasy Apatenko
|
0-0: Bunted foul 0-1: Ball 1-1: Ball 2-1: Bunted foul 2-2: Bunted foul, Strikeout!
|
|
Batting: LHB Falco van Koeveringe
|
0-0: Called Strike 0-1: Ball 1-1: Swinging Strike 1-2: Strikes out swinging
|
| Bottom of the 5th over - 0 runs, 1 hit, 0 errors, 2 left on base; Madison 4 - Roswell 0 |
| TOP OF THE 6TH |
|
Madison Brewers batting - Pitching for Roswell Invaders : RHP Jaylen Hatten
|
|
Batting: SHB Ramon Perez
|
0-0: Swinging Strike 0-1: Ball 1-1: Ball 2-1: Called Strike 2-2: Ball 3-2: Foul Ball, location: 2F 3-2: Base on Balls
|
|
Batting: RHB Chris Fruit
|
0-0: Ball 1-0: SINGLE (Groundball, 56D, EV 100.6 MPH) Ramon Perez to second
|
|
Batting: RHB Alfredo Sena
|
0-0: Foul Ball, location: 2F 0-1: Called Strike 0-2: Ball 1-2: Ball 2-2: Ball 3-2: Foul Ball, location: 2F 3-2: Foul Ball, location: 2F 3-2: Base on Balls Ramon Perez to third Chris Fruit to second
|
|
Batting: RHB Justin Marino
|
0-0: Ball 1-0: Swinging Strike 1-1: Ball 2-1: Foul Ball, location: 2F 2-2: Foul Ball, location: 2F 2-2: Ball 3-2: Foul Ball, location: 2F 3-2: Foul Ball, location: 2F 3-2: Base on Balls Ramon Perez scores Chris Fruit to third Alfredo Sena to second
|
|
Batting: LHB Rick Campbell
|
0-0: Foul Ball, location: 2F 0-1: Called Strike 0-2: Ball 1-2: Ball 2-2: SINGLE (Groundball, 4MD, EV 96.2 MPH) Chris Fruit scores Alfredo Sena to third Justin Marino to second
|
|
Pinch Hitting: LHB Steven Donovan
|
0-0: Ball 1-0: Called Strike 1-1: Foul Ball, location: 2F 1-2: Ball 2-2: Ball 3-2: GRAND SLAM HOME RUN (Line Drive, 9LD, EV 91.9 MPH), Distance : 355 ft
|
|
Pitching: LHP Travis Osorio
|
|
|
Batting: SHB Aaron Neill
|
0-0: Called Strike 0-1: Called Strike 0-2: Ball 1-2: DOUBLE (Line Drive, 78M, EV 98.1 MPH)
|
|
Batting: SHB Jerry Duffy
|
0-0: Ball 1-0: Ball 2-0: Ball 3-0: Base on Balls
|
|
Batting: LHB Sal Burgos
|
0-0: Ball 1-0: SINGLE (Groundball, 4D, EV 105.0 MPH) Aaron Neill to third Jerry Duffy to second Runner from 3rd tries for Home, SAFE, throw by CF to home
|
|
Batting: SHB Ramon Perez
|
0-0: Ball 1-0: Called Strike 1-1: Foul Ball, location: 2F 1-2: SINGLE (Line Drive, 8RS, EV 102.5 MPH) Jerry Duffy to third Sal Burgos to second
|
|
Batting: RHB Chris Fruit
|
0-0: SINGLE (Line Drive, 6MD, EV 95.6 MPH) Jerry Duffy scores Sal Burgos to third Ramon Perez to second
|
|
Batting: RHB Alfredo Sena
|
0-0: Ball 1-0: Foul Ball, location: 2F 1-1: Ball 2-1: SINGLE (Flyball, 6MD, EV 89.4 MPH) Sal Burgos scores Ramon Perez to third Chris Fruit to second
|
|
Pitching: LHP Henry Torres
|
|
|
Batting: RHB Justin Marino
|
0-0: Ball 1-0: Called Strike 1-1: Called Strike 1-2: Foul Ball, location: 2F 1-2: Foul Ball, location: 2F 1-2: Ball 2-2: Grounds into double play, 3-6-3 (Groundball, 34S, EV 91.9 MPH) Ramon Perez scores Chris Fruit to third
|
|
Batting: LHB Rick Campbell
|
0-0: Ball 1-0: Foul Ball, location: 2F 1-1: DOUBLE (Line Drive, 89D, EV 101.9 MPH) Chris Fruit scores
|
|
Batting: LHB Steven Donovan
|
0-0: Ball 1-0: Swinging Strike 1-1: Foul Ball, location: 2F 1-2: Foul Ball, location: 2F 1-2: Strikes out swinging
|
| Top of the 6th over - 11 runs, 9 hits, 0 errors, 1 left on base; Madison 15 - Roswell 0 |
| BOTTOM OF THE 6TH |
|
Roswell Invaders batting - Pitching for Madison Brewers : RHP Jim Strickland
|
|
Now in RF: Steven Donovan
|
|
|
Batting: RHB Orlando Florez
|
0-0: Called Strike 0-1: Foul Ball, location: 2F 0-2: Foul Ball, location: 2F 0-2: Ball 1-2: Ball 2-2: Ball 3-2: Strikes out swinging
|
|
Batting: LHB Dallas Kelly
|
0-0: Ball 1-0: Ball 2-0: Ball 3-0: Called Strike 3-1: Foul Ball, location: 2F 3-2: Strikes out swinging
|
|
Batting: RHB Mike Swift
|
0-0: Ball 1-0: Ball 2-0: Fly out, F7 (Flyball, 7, EV 98.1 MPH)
|
| Bottom of the 6th over - 0 runs, 0 hits, 0 errors, 0 left on base; Madison 15 - Roswell 0 |
| TOP OF THE 7TH |
|
Madison Brewers batting - Pitching for Roswell Invaders : LHP Henry Torres
|
|
Pinch Hitting: RHB Michael Dickerson
|
0-0: Fly out, F9 (Flyball, 89M, EV 88.1 MPH)
|
|
Batting: SHB Jerry Duffy
|
0-0: Ball 1-0: Swinging Strike 1-1: Called Strike 1-2: Ball 2-2: Ball 3-2: Ground out 6-3 (Groundball, 56, EV 80.6 MPH)
|
|
Pinch Hitting: RHB Nick Moore
|
0-0: Ball 1-0: Ball 2-0: Ball 3-0: Base on Balls
|
|
Pinch Hitting: SHB Orlando Torres
|
0-0: Called Strike 0-1: 2-RUN HOME RUN (Flyball, 78XD, EV 107.5 MPH), Distance : 408 ft
|
|
Batting: RHB Chris Fruit
|
0-0: Ball 1-0: Ball 2-0: Foul Ball, location: 2F 2-1: Reached on error, E6 (Groundball, 6S, EV 61.9 MPH)
|
|
Pinch Hitting: LHB Danny Bautista
|
0-0: Foul Ball, location: 2F 0-1: Swinging Strike 0-2: Foul Ball, location: 2F 0-2: Foul Ball, location: 2F 0-2: Ball 1-2: Foul Ball, location: 2F 1-2: Reached on error, E7 (Flyball, 7D, EV 101.2 MPH) Chris Fruit scores
|
|
Batting: RHB Justin Marino
|
0-0: Fly out, F8 (Flyball, 8LD, EV 92.5 MPH)
|
| Top of the 7th over - 3 runs, 1 hit, 2 errors, 1 left on base; Madison 18 - Roswell 0 |
| BOTTOM OF THE 7TH |
|
Roswell Invaders batting - Pitching for Madison Brewers : RHP Jim Strickland
|
|
Now at 1B: Nick Moore
|
|
|
Now at 3B: Justin Marino
|
|
|
Now at SS: Jesus Menjivar
|
|
|
Now in LF: Danny Bautista
|
|
|
Now in CF: Todd Massad
|
|
|
Batting: RHB Josh Burrows
|
0-0: Fly out, F7 (Flyball, 78D, EV 109.4 MPH)
|
|
Batting: RHB Cody Savastand
|
0-0: Ball 1-0: Foul Ball, location: 2F 1-1: Swinging Strike 1-2: Strikes out swinging
|
|
Batting: SHB Ethan Newby
|
0-0: Ball 1-0: Foul Ball, location: 2F 1-1: Foul Ball, location: 2F 1-2: Ball 2-2: Strikes out looking
|
| Bottom of the 7th over - 0 runs, 0 hits, 0 errors, 0 left on base; Madison 18 - Roswell 0 |
| TOP OF THE 8TH |
|
Madison Brewers batting - Pitching for Roswell Invaders : LHP Henry Torres
|
|
Pinch Hitting: SHB Sam Bingham
|
0-0: Ball 1-0: Ball 2-0: Called Strike 2-1: Foul Ball, location: 2F 2-2: Ball 3-2: Base on Balls
|
|
Batting: LHB Steven Donovan
|
0-0: Foul Ball, location: 2F 0-1: 2-RUN HOME RUN (Flyball, 9LD, EV 95.6 MPH), Distance : 342 ft
|
|
Batting: RHB Jesus Menjivar
|
0-0: Ball 1-0: Ball 2-0: Swinging Strike 2-1: Ball 3-1: Swinging Strike 3-2: Base on Balls
|
|
Batting: SHB Jerry Duffy
|
0-0: Called Strike 0-1: Ball 1-1: Swinging Strike 1-2: Foul Ball, location: 2F 1-2: Foul Ball, location: 2F 1-2: Strikes out swinging
|
|
Batting: RHB Nick Moore
|
0-0: Foul Ball, location: 2F 0-1: Swinging Strike 0-2: Ball 1-2: Reached on error, E6 (Groundball, 6M, EV 91.9 MPH) Jesus Menjivar to second
|
|
Pinch Hitting: RHB Herb McIntyre
|
0-0: Ball 1-0: Ball 2-0: Ball 3-0: Base on Balls Jesus Menjivar to third Nick Moore to second
|
|
Batting: RHB Chris Fruit
|
0-0: Ball 1-0: Called Strike 1-1: Foul Ball, location: 2F 1-2: Grounds into double play, 4-6-3 (Groundball, 4, EV 105.6 MPH)
|
| Top of the 8th over - 2 runs, 1 hit, 1 error, 2 left on base; Madison 20 - Roswell 0 |
| BOTTOM OF THE 8TH |
|
Roswell Invaders batting - Pitching for Madison Brewers : RHP Jim Strickland
|
|
Now at 2B: Herb McIntyre
|
|
|
Now in CF: Cameron Rattenbury
|
|
|
Batting: LHB Josh Thomas
|
0-0: Called Strike 0-1: Foul Ball, location: 2F 0-2: Ball 1-2: Strikes out swinging
|
|
Batting: LHB Afanasy Apatenko
|
0-0: Ball 1-0: Swinging Strike 1-1: DOUBLE (Line Drive, 7LM, EV 108.1 MPH)
|
|
Batting: LHB Falco van Koeveringe
|
0-0: Ground out 4-3 (Groundball, 34, EV 101.2 MPH) Afanasy Apatenko to third
|
|
Batting: RHB Orlando Florez
|
0-0: Called Strike 0-1: Swinging Strike 0-2: Foul Ball, location: 2F 0-2: Ball 1-2: Ball 2-2: Ball 3-2: Strikes out swinging
|
| Bottom of the 8th over - 0 runs, 1 hit, 0 errors, 1 left on base; Madison 20 - Roswell 0 |
| TOP OF THE 9TH |
|
Madison Brewers batting - Pitching for Roswell Invaders : LHP Henry Torres
|
|
Pinch Hitting: RHB Chris Riddel
|
0-0: Ground out U3 (Groundball, 3, EV 103.1 MPH)
|
|
Batting: RHB Justin Marino
|
0-0: Ball 1-0: Ball 2-0: Called Strike 2-1: Called Strike 2-2: SINGLE (Groundball, 5S, EV 63.1 MPH) (infield hit)
|
|
Batting: RHB Cameron Rattenbury
|
0-0: Ball 1-0: Swinging Strike 1-1: Ball 2-1: SINGLE (Line Drive, 89S, EV 101.9 MPH) Justin Marino to second
|
|
Batting: LHB Steven Donovan
|
0-0: Foul Ball, location: 2F 0-1: Ball 1-1: Ball 2-1: Ball 3-1: Base on Balls Justin Marino to third Cameron Rattenbury to second
|
|
Batting: RHB Jesus Menjivar
|
0-0: Ball 1-0: Foul Ball, location: 2F 1-1: Foul Ball, location: 2F 1-2: Fielders Choice at 2nd, 4-6 (Groundball, 4, EV 86.9 MPH) Justin Marino scores Cameron Rattenbury to third
|
|
Batting: SHB Jerry Duffy
|
0-0: Foul Ball, location: 2F 0-1: Ball 1-1: Ball 2-1: Ball 3-1: Base on Balls Jesus Menjivar to second
|
|
Batting: RHB Nick Moore
|
0-0: Called Strike 0-1: Ball 1-1: Called Strike 1-2: Strikes out swinging
|
| Top of the 9th over - 1 run, 2 hits, 0 errors, 3 left on base; Madison 21 - Roswell 0 |
| BOTTOM OF THE 9TH |
|
Roswell Invaders batting - Pitching for Madison Brewers : RHP Jim Strickland
|
|
Pitching: LHP Willis Escobedo
|
|
|
Now in LF: C.J. Olivares
|
|
|
Batting: LHB Dallas Kelly
|
0-0: Called Strike 0-1: Ball 1-1: Swinging Strike 1-2: Ball 2-2: Ball 3-2: Foul Ball, location: 2F 3-2: Foul Ball, location: 2F 3-2: Strikes out swinging
|
|
Batting: RHB Mike Swift
|
0-0: Ball 1-0: Ball 2-0: Called Strike 2-1: Fly out, F8 (Flyball, 8RS, EV 96.2 MPH)
|
|
Batting: RHB Josh Burrows
|
0-0: Called Strike 0-1: Called Strike 0-2: Strikes out swinging
|
| Bottom of the 9th over - 0 runs, 0 hits, 0 errors, 0 left on base; Madison 21 - Roswell 0 |
|